[Event "Team 45 45 League T44"]
[Site "Internet Chess Club"]
[Date "2010.03.26"]
[Round "8"]
[White "QueensCounselor"]
[Black "shakkimestari"]
[Result "1-0"]
[WhiteElo "2084"]
[BlackElo "2023"]
[Opening "Pirc: classical, h3 system"]
[ECO "B08"]
[Time "14:01:18"]
[TimeControl "2700+45"]

1. e4 d6 2. d4 Nf6 3. Nc3 g6 4. Nf3 Bg7 5. h3 O-O 6. Be3 a6 7. a4 b6 8. e5 Nfd7
9. e6 fxe6 10. Bc4 Nf6 11. d5 c6 12. Ng5 exd5 13. Nxd5 Nxd5 14. Bxd5+ Kh8 15.
Nf7+ Rxf7 16. Bxf7 e6 17. h4 Ra7 18. h5 g5 19. Bg6 Bxb2 20. Rb1 Bc3+ 21. Kf1 c5
22. Bxg5 Qxg5 23. Qxd6 Nd7 24. Qxe6 Qe5 25. Qf7 Qg7 26. Qxg7+ Kxg7 27. Bf5 b5
28. Rh3 b4 29. Rd1 Bd4 30. h6+ Kf6 31. g4 Nb6 32. Bxc8 Nxc8 33. Re1 Nb6 34. Rh5
Nd7 35. f4 a5 36. Kg2 Ra6 37. Rf5+ Kg6 38. Re7 Nf6 39. Kf3 Ng8 40. Rg5+ Kf6 41.
Rxh7 Ne7 42. Rgg7 Nd5 43. Rf7+ Kg6 44. f5+ Kg5 45. Rhg7+ Kxh6 46. Rh7+ Kg5 47.
Rh5# {Black checkmated} 1-0

[Event "Team 45 45 League T44"]
[Site "Internet Chess Club"]
[Date "2010.03.27"]
[Round "8"]
[White "ElCreyente"]
[Black "frothyjowels"]
[Result "0-1"]
[WhiteElo "2286"]
[BlackElo "2397"]
[Opening "Réti opening"]
[ECO "A04"]
[Time "11:00:18"]
[TimeControl "2700+45"]

1. Nf3 b5 2. e3 a6 3. b3 Nf6 4. Bb2 e6 5. d4 c5 6. Be2 cxd4 7. Nxd4 Bb7 8. O-O
Be7 9. Nd2 O-O 10. c4 bxc4 11. Nxc4 d5 12. Ne5 Qd6 13. f4 Nfd7 14. Nc2 Nxe5 15.
Bxe5 Qb6 16. Bd3 f5 17. g4 Nc6 18. Bb2 d4 19. Nxd4 Nxd4 20. Bxd4 Qc6 21. Qe2
Qh1+ 22. Kf2 Bh4# {White checkmated} 0-1

[Event "Team 45 45 League T44"]
[Site "Internet Chess Club"]
[Date "2010.03.30"]
[Round "8"]
[White "eurander"]
[Black "Vaigpertu"]
[Result "1/2-1/2"]
[WhiteElo "2217"]
[BlackElo "2269"]
[Opening "Sicilian: Alapin's variation (2.c3)"]
[ECO "B22"]
[Time "14:00:06"]
[TimeControl "2700+45"]

1. e4 c5 2. c3 d6 3. d4 Nf6 4. Bd3 Nc6 5. Nf3 e5 6. O-O Be7 7. Bb5 cxd4 8. cxd4
exd4 9. Nxd4 Bd7 10. Nc3 O-O 11. Bf4 Re8 12. Re1 a6 13. Nxc6 bxc6 14. Bc4 Be6
15. Bxe6 fxe6 16. e5 Nd5 17. exd6 Nxf4 18. dxe7 Qxe7 19. Qg4 Rf8 20. Re4 Qf6 21.
Rd1 h5 22. Qg3 Rab8 23. b3 h4 24. Qe3 Qg5 25. g3 Nh3+ 26. Kg2 Qxe3 27. Rxe3 Nxf2
28. Rd6 h3+ 29. Kg1 Ng4 30. Re4 Rf3 31. Rxg4 Rbf8 32. Rf4 Rxc3 33. Rxf8+ Kxf8
34. Rxe6 Rc1+ 35. Kf2 Rh1 36. g4 Rxh2+ 37. Kg3 Rxa2 38. Kxh3 Rc2 39. Kh4 Kf7 40.
Rd6 Rc3 41. b4 Ke7 42. Rg6 Kf7 43. Rd6 Rc4 44. Kh5 Rxb4 45. Rxc6 Rb5+ 46. g5 a5
47. Ra6 Rc5 48. Ra7+ Kg8 49. Kg6 Rc6+ 50. Kh5 Rc5 51. Kg6 Rc6+ 52. Kh5 Rc5 53.
Kg6 {Game drawn by repetition} 1/2-1/2

[Event "Team 45 45 League T44"]
[Site "Internet Chess Club"]
[Date "2010.03.27"]
[Round "8"]
[White "angelV"]
[Black "frontier"]
[Result "1-0"]
[WhiteElo "2098"]
[BlackElo "2131"]
[Opening "Dutch with c4 & Nc3"]
[ECO "A85"]
[Time "17:08:30"]
[TimeControl "2700+45"]

1. d4 f5 2. c4 Nf6 3. Nc3 e6 4. e3 d5 5. Bd3 c6 6. Nge2 Bd6 7. f3 O-O 8. Qc2 g6
9. Bd2 Qe7 10. O-O Nbd7 11. e4 fxe4 12. fxe4 dxe4 13. Nxe4 Nxe4 14. Bxe4 e5 15.
c5 Bc7 16. Qc4+ Kg7 17. Rxf8 Nxf8 18. d5 cxd5 19. Bxd5 Be6 20. Nc3 Rd8 21. Be3
Bxd5 22. Nxd5 Qf7 23. Rd1 Ne6 24. b4 Bb8 25. Qh4 h5 26. Rf1 Nf4 27. Nxf4 Rf8 28.
Nxh5+ {Black resigns} 1-0

[Event "Team 45 45 League T44"]
[Site "Internet Chess Club"]
[Date "2010.03.28"]
[Round "8"]
[White "SuperPeon"]
[Black "PopolVuh"]
[Result "1/2-1/2"]
[WhiteElo "2073"]
[BlackElo "1989"]
[Opening "French: Tarrasch"]
[ECO "C03"]
[Time "20:15:20"]
[TimeControl "2700+45"]

1. e4 e6 2. d4 d5 3. Nd2 Be7 4. Bd3 c5 5. c3 Nc6 6. Ne2 cxd4 7. cxd4 dxe4 8.
Nxe4 Nf6 9. O-O O-O 10. Be3 b6 11. h3 Bb7 12. Rc1 Nb4 13. Nxf6+ Bxf6 14. Bb1 Qd7
15. Qb3 Nd5 16. Rfe1 Rfd8 17. Nc3 Rac8 18. Nxd5 Qxd5 19. Qxd5 Bxd5 20. b3 Be7
21. Rxc8 Rxc8 22. Rc1 Rxc1+ 23. Bxc1 Kf8 24. f3 Bf6 25. Bb2 Ke7 26. Kf2 g6 27.
Be4 Kd6 28. Ke3 b5 29. Ba3+ Kc6 30. Bc5 a5 31. g4 Bh4 32. Bd3 a4 33. bxa4 bxa4
34. a3 e5 35. f4 f6 36. Bc2 exf4+ 37. Kxf4 Bg5+ 38. Kg3 Kb5 39. Bd3+ Bc4 40. Be4
Bb3 41. Bd3+ Kc6 42. Be4+ Kb5 43. Bd3+ Kc6 44. h4 Bc1 45. h5 gxh5 46. Be4+ Bd5
47. Bxh7 hxg4 48. Kxg4 Be6+ 49. Kh5 Kd5 50. Bb1 Bd7 51. Kg6 f5 52. Ba2+ Ke4 53.
Bb1+ Kd5 54. Kf6 f4 55. Ba2+ {Game drawn by mutual agreement} 1/2-1/2

[Event "Team 45 45 League T44"]
[Site "Internet Chess Club"]
[Date "2010.03.27"]
[Round "8"]
[White "Tjet"]
[Black "SCUGrad"]
[Result "1-0"]
[WhiteElo "1538"]
[BlackElo "1473"]
[Opening "English, 1...Nf6 (Anglo-Indian defense)"]
[ECO "A15"]
[Time "21:00:29"]
[TimeControl "2700+45"]

1. c4 Nf6 2. g3 e6 3. Bg2 d5 4. cxd5 exd5 5. Nf3 Bc5 6. O-O O-O 7. d4 Bb6 8. Bg5
Qd6 9. Bxf6 Qxf6 10. e3 Bd7 11. Ne5 Bb5 12. Re1 c6 13. Nc3 a6 14. a4 Bc4 15. b3
Bc7 16. Nxc4 dxc4 17. bxc4 Nd7 18. c5 Ba5 19. Qc2 Qe6 20. Re2 Qc4 21. Ne4 Qxc2
22. Rxc2 f5 23. Nd6 Bc7 24. Nxb7 Rab8 25. Bxc6 Rf6 26. Bxd7 Rxb7 27. c6 Rb4 28.
Kg2 g6 29. Raa2 Rf8 30. Rcb2 Rfb8 31. Rxb4 Rxb4 32. h4 Kf7 33. Kf3 h5 34. d5 Ke7
35. Be6 a5 36. Kg2 Rc4 37. Bg8 Kf8 38. Be6 Ke7 39. f3 Kf6 40. f4 Ke7 41. Kf3 Rb4
42. Bg8 Kf8 43. Be6 Ke7 44. Rd2 Rxa4 45. Bg8 Rc4 46. d6+ {Black resigns} 1-0

[Event "Team 45 45 League T44"]
[Site "Internet Chess Club"]
[Date "2010.03.26"]
[Round "8"]
[White "megarook"]
[Black "BishopMike"]
[Result "0-1"]
[WhiteElo "1360"]
[BlackElo "1550"]
[Opening "King's Indian defense, 3.Nc3"]
[ECO "E61"]
[Time "20:59:40"]
[TimeControl "2700+45"]

1. d4 Nf6 2. c4 g6 3. Nc3 Bg7 4. Nf3 O-O 5. e3 c6 6. Be2 d5 7. O-O b6 8. Qb3 e6
9. cxd5 exd5 10. Bd2 Be6 11. Ng5 Bf5 12. Nf3 Nbd7 13. Rac1 h6 14. Nh4 Be6 15.
Bd3 Ne4 16. Nf3 Nxd2 17. Nxd2 c5 18. Nxd5 Nf6 19. e4 Nxd5 20. Bc4 Nf4 21. Bxe6
fxe6 22. Qf3 Qxd4 23. Rc2 Rad8 24. Nc4 Qd3 25. Qxd3 Rxd3 26. Re1 Rfd8 27. Ne3
Rd2 28. b3 Rxc2 29. Nxc2 Rd2 30. Ne3 Bd4 31. Rf1 Rxa2 32. Ng4 h5 {White resigns}
0-1

[Event "Team 45 45 League T44"]
[Site "Internet Chess Club"]
[Date "2010.03.29"]
[Round "8"]
[White "katabatico"]
[Black "AlPearson"]
[Result "1-0"]
[WhiteElo "1367"]
[BlackElo "1507"]
[Opening "Alekhine's defense: modern, Larsen variation"]
[ECO "B04"]
[Time "13:01:15"]
[TimeControl "2700+45"]

1. e4 Nf6 2. e5 Nd5 3. d4 d6 4. Nf3 dxe5 5. Nxe5 c6 6. Bc4 Nd7 7. Nf3 N7b6 8.
Be2 Bf5 9. c4 Nb4 10. Na3 e6 11. c5 N6d5 12. O-O Be7 13. Ne1 O-O 14. Nd3 Qc7 15.
Nc4 Rad8 16. Qb3 Nxd3 17. Bxd3 Bxd3 18. Qxd3 Nf4 19. Qe4 Nd5 20. Bd2 Bf6 21. Nd6
Ne7 22. Bf4 Qd7 23. Rad1 Nc8 24. b4 Be7 25. Nxc8 Qxc8 26. Rfe1 Rd7 27. Re3 Rfd8
28. Rh3 Bf6 29. Qxh7+ Kf8 30. Bd6+ Rxd6 31. cxd6 Rxd6 32. Qh8+ Ke7 33. Qxc8
{Black resigns} 1-0

[Event "Team 45 45 League T44"]
[Site "Internet Chess Club"]
[Date "2010.03.28"]
[Round "8"]
[White "GadsHill"]
[Black "oldsj"]
[Result "1-0"]
[WhiteElo "1558"]
[BlackElo "1576"]
[Opening "King's Indian: Petrosian system, Stein variation"]
[ECO "E92"]
[Time "13:01:10"]
[TimeControl "2700+45"]

1. d4 Nf6 2. c4 g6 3. Nc3 Bg7 4. e4 d6 5. Nf3 O-O 6. Be2 e5 7. d5 a5 8. Bg5 Na6
9. O-O h6 10. Bh4 Qe8 11. Nd2 Nh7 12. a3 Bd7 13. b3 h5 14. f3 Bh6 15. Kh1 Nc5
16. Rb1 f5 17. Qc2 Nf6 18. b4 axb4 19. axb4 Na6 20. c5 g5 21. Bxa6 Rxa6 22. Bf2
f4 23. b5 Ra8 24. c6 bxc6 25. bxc6 Bc8 26. Rb4 g4 27. Rfb1 gxf3 28. Rb8 fxg2+
29. Kg1 Rxb8 30. Rxb8 Qg6 31. Nf3 Bh3 32. Rxf8+ Kxf8 33. Ba7 Ng4 34. Qb2 Qf7 35.
Qb8+ Kg7 36. Qc8 Kh7 37. Bb8 Bf8 38. Bxc7 Ne3 39. Qxh3 Qxc7 40. Qd7+ Qxd7 41.
cxd7 Be7 42. Nb5 Kg7 43. Nxd6 Kf8 44. Nb7 Kf7 45. Nxe5+ Kf6 46. Nf3 Kf7 47. d6
Bf6 48. e5 Ng4 49. exf6 Nxf6 50. d8=Q Ne4 51. Qe7+ Kg6 52. Qxe4+ {Black resigns}
1-0

[Event "Team 45 45 League T44"]
[Site "Internet Chess Club"]
[Date "2010.03.28"]
[Round "8"]
[White "moreffee"]
[Black "wrimle"]
[Result "0-1"]
[WhiteElo "1235"]
[BlackElo "1584"]
[Opening "Caro-Kann: exchange variation"]
[ECO "B13"]
[Time "14:59:47"]
[TimeControl "2700+45"]

1. e4 c6 2. d4 d5 3. exd5 cxd5 4. Nf3 Bg4 5. Be2 Nc6 6. O-O e6 7. Re1 Be7 8. h3
Bh5 9. a3 Nf6 10. Bb5 a6 11. Bxc6+ bxc6 12. Bg5 h6 13. Bxf6 Bxf6 14. c3 O-O 15.
Nbd2 Rb8 16. b4 a5 17. Nb3 axb4 18. axb4 Qc7 19. Nc5 Ra8 20. Qd3 Bg6 21. Qe2 Ra7
22. Ne5 Bxe5 23. Qxe5 Qxe5 24. dxe5 Rfa8 25. Rxa7 Rxa7 26. Rc1 Ra2 27. Nb3 Bc2
28. Nd4 Ba4 29. h4 Kf8 30. Kf1 Ke7 31. g3 f6 32. f4 fxe5 33. fxe5 g5 34. hxg5
hxg5 35. Kg1 Bb5 36. Rc2 Ra1+ 37. Kf2 Rf1+ 38. Kg2 Re1 39. Kf2 Rxe5 40. Nxb5
cxb5 41. Kf3 Kd6 42. g4 Re4 43. Re2 Rxe2 44. Kxe2 e5 45. Ke3 e4 46. Kd4 Ke6 47.
Ke3 Ke5 {White resigns} 0-1

[Event "Team 45 45 League T44"]
[Site "Internet Chess Club"]
[Date "2010.03.28"]
[Round "8"]
[White "arconia"]
[Black "crazyhorses"]
[Result "0-1"]
[WhiteElo "1396"]
[BlackElo "1541"]
[Opening "Two knights defense (Modern bishop's opening)"]
[ECO "C55"]
[Time "19:00:15"]
[TimeControl "2700+45"]

1. e4 e5 2. Nf3 Nc6 3. Bc4 Nf6 4. d3 Be7 5. O-O d6 6. h3 O-O 7. Nc3 Na5 8. Bb3
Nxb3 9. axb3 c5 10. Nh2 Be6 11. f4 exf4 12. Bxf4 d5 13. e5 Nd7 14. Qf3 Nb6 15.
Ng4 f5 16. Nh2 a6 17. Qh5 Nd7 18. Qf3 d4 19. Ne2 g5 20. Qg3 Kh8 21. Bd2 f4 22.
Qf3 Nxe5 23. Qf2 Bd5 24. g3 f3 25. Nf4 gxf4 26. Bxf4 Rxf4 27. gxf4 Qg8+ 28. Kh1
Qg2+ 29. Qxg2 fxg2+ 30. Kg1 {White resigns} 0-1

[Event "Team 45 45 League T44"]
[Site "Internet Chess Club"]
[Date "2010.03.27"]
[Round "8"]
[White "g8wrb"]
[Black "FatTire"]
[Result "1/2-1/2"]
[WhiteElo "1586"]
[BlackElo "1257"]
[Opening "Ruy Lopez: Caro variation"]
[ECO "C70"]
[Time "11:01:46"]
[TimeControl "2700+45"]

1. e4 e5 2. Nf3 Nc6 3. Bb5 a6 4. Ba4 b5 5. Bb3 Nf6 6. Qe2 h6 7. O-O Bc5 8. c3 d6
9. Rd1 Bg4 10. d3 Qd7 11. Be3 Bxe3 12. Qxe3 O-O 13. Nbd2 d5 14. Qc5 Rad8 15. a4
Na5 16. Bxd5 Nxd5 17. Nxe5 Qe6 18. Nxg4 Rfe8 19. Nxh6+ gxh6 20. exd5 Rxd5 21.
Qxc7 Rxd3 22. Qxa5 Rxd2 23. g3 Rxf2 24. Re1 Re2 25. Rxe2 Qxe2 26. Qb6 Qxb2 27.
Rf1 Qxc3 28. axb5 a5 29. Qc6 Qe3+ 30. Kh1 a4 31. b6 Re6 32. Qc8+ Re8 33. Qg4+
Kf8 34. Qf3 Re7 35. Qxe3 Rxe3 36. b7 Rb3 37. Ra1 Ke7 38. Rxa4 Rxb7 39. Rf4 h5
40. Kg2 Ke6 41. Kh3 Rb2 42. Rf3 f6 43. Rf1 Re2 44. Rh1 Re5 45. Kh4 Kf7 46. Rf1
Kg6 47. h3 f5 48. Rf4 Re4 49. Rxe4 fxe4 50. g4 e3 51. gxh5+ Kh6 52. Kg3 e2 53.
Kf2 Kxh5 54. Kxe2 Kh4 55. Kf2 Kxh3 {Game drawn because neither player has mating
material} 1/2-1/2

[Event "Team 45 45 League T44"]
[Site "Internet Chess Club"]
[Date "2010.03.28"]
[Round "8"]
[White "Conjurer"]
[Black "carambola"]
[Result "1/2-1/2"]
[WhiteElo "1279"]
[BlackElo "1334"]
[Opening "Queen's pawn: Lundin (Kevitz-Mikenas) defense"]
[ECO "A40"]
[Time "15:00:45"]
[TimeControl "2700+45"]

1. d4 Nc6 2. c4 e5 3. d5 Bc5 4. e3 Nb4 5. a3 Na6 6. Nc3 c6 7. Nf3 Qf6 8. b4 Bb6
9. c5 Nxc5 10. bxc5 Bxc5 11. e4 Ne7 12. Bc4 d6 13. Bg5 Qg6 14. O-O f6 15. Bh4
Bh3 16. Bg3 Bg4 17. dxc6 Nxc6 18. Bd5 Nd4 19. Qa4+ Bd7 20. Qc4 Rc8 21. Bxb7 Rc7
22. Bd5 Nc2 23. Rab1 Bxf2+ 24. Rxf2 Rxc4 25. Bxc4 Ne3 26. Rb8+ Ke7 27. Nd5+ Nxd5
28. Rxh8 Qxe4 29. Nd2 Qd4 30. Rxh7 Ne3 31. Rxg7+ Kd8 32. Bb3 Bb5 33. h3 a5 34.
Bh4 Qxh4 35. Nf3 Qh6 36. Rb7 Bc6 37. Ra7 f5 38. Rb2 Qg6 39. Bd5 Bd7 40. Rb8+ Bc8
41. Nh4 Qg3 42. Be6 Qe1+ 43. Kh2 Nf1+ 44. Kh1 Ne3+ 45. Kh2 Ng4+ 46. hxg4 Qxh4+
47. Kg1 Qe1+ 48. Kh2 Qh4+ 49. Kg1 Qe1+ 50. Kh2 Qh4+ 51. Kg1 Qe1+ 52. Kh2 Qh4+
53. Kg1 Qe1+ 54. Kh2 Qh4+ {Game drawn by repetition} 1/2-1/2

[Event "Team 45 45 League T44"]
[Site "Internet Chess Club"]
[Date "2010.03.27"]
[Round "8"]
[White "SATELLITE-DAN"]
[Black "UnderRated"]
[Result "0-1"]
[WhiteElo "1510"]
[BlackElo "1702"]
[Opening "Sicilian: Scheveningen variation"]
[ECO "B80"]
[Time "16:00:55"]
[TimeControl "2700+45"]

1. e4 c5 2. Nf3 e6 3. d4 cxd4 4. Nxd4 Nf6 5. Nc3 d6 6. Bd3 Nc6 7. Be3 Nb4 8. O-O
Nxd3 9. cxd3 a6 10. Rc1 Be7 11. f4 e5 12. fxe5 dxe5 13. Nf5 Bxf5 14. Rxf5 Nd7
15. Qb3 O-O 16. Nd5 Bd6 17. Kh1 Kh8 18. Rcf1 f6 19. Qd1 Bc5 20. Bd2 a5 21. a3
Nb6 22. Nxb6 Qxb6 23. Bc3 Rfd8 24. R5f3 Rd7 25. Rh3 Qc6 26. Qh5 h6 27. Bd2 Bf8
28. Rhf3 Rd6 29. Rc1 Qd7 30. Rc3 b5 31. g4 b4 32. axb4 axb4 33. Rb3 Rd4 34. g5
fxg5 35. Bxg5 Qe6 36. Bf6 gxf6 {White resigns} 0-1

[Event "Team 45 45 League T44"]
[Site "Internet Chess Club"]
[Date "2010.03.28"]
[Round "8"]
[White "dabodhi"]
[Black "alaskauk"]
[Result "0-1"]
[WhiteElo "1204"]
[BlackElo "1524"]
[Opening "Scotch gambit"]
[ECO "C44"]
[Time "15:00:30"]
[TimeControl "2700+45"]

1. e4 e5 2. Nf3 Nc6 3. d4 exd4 4. Bc4 h6 5. Nxd4 Qf6 6. Nb5 Bd6 7. N1c3 Nge7 8.
Nxd6+ Qxd6 9. Nd5 Nxd5 10. exd5 Qb4+ 11. Bd2 Qxc4 12. dxc6 Qxc6 13. Qe2+ Qe6 14.
Be3 d6 15. O-O O-O 16. h3 Qg6 17. Kh1 Re8 18. Qb5 c6 19. Qb4 Re4 20. Qd2 Bd7 21.
Bf4 d5 22. Bg3 Rae8 23. Rfe1 a6 24. Rxe4 Qxe4 25. Re1 Qxe1+ 26. Qxe1 Rxe1+ 27.
Kh2 Re2 {White resigns} 0-1

[Event "Team 45 45 League T44"]
[Site "Internet Chess Club"]
[Date "2010.03.26"]
[Round "8"]
[White "otib2006"]
[Black "Tamarin"]
[Result "0-1"]
[WhiteElo "1220"]
[BlackElo "1665"]
[Opening "KP: Indian opening"]
[ECO "C20"]
[Time "04:00:14"]
[TimeControl "2700+45"]

1. e4 e5 2. d3 Nf6 3. Nd2 Nc6 4. g3 Bc5 5. Bg2 d6 6. Ngf3 Be6 7. O-O O-O 8. Re1
Ng4 9. Rf1 Qd7 10. a3 f5 11. b4 Bb6 12. c4 a6 13. Ng5 Nxf2 14. Rxf2 Bxf2+ 15.
Kxf2 fxe4+ 16. Kg1 exd3 17. Bxc6 bxc6 18. Nxe6 Qxe6 19. Ne4 Qxc4 20. Qg4 Qd4+
21. Kg2 Qxa1 22. Bh6 Qa2+ 23. Kh3 Qf7 24. Ng5 Qf5 25. Ne6 Qxg4+ 26. Kxg4 gxh6
27. Nxf8 d2 28. Kh5 d1=Q+ 29. Kxh6 Rxf8 30. h4 Qg4 31. h5 Rf6# {White
checkmated} 0-1

[Event "Team 45 45 League T44"]
[Site "Internet Chess Club"]
[Date "2010.03.28"]
[Round "8"]
[White "vishnugupta"]
[Black "dpmdpm"]
[Result "0-1"]
[WhiteElo "1216"]
[BlackElo "1481"]
[Opening "Queen's pawn, Mason variation"]
[ECO "D00"]
[Time "13:09:35"]
[TimeControl "2700+45"]

1. d4 d5 2. Bf4 Nf6 3. h3 e6 4. Nc3 Bd6 5. Be5 Bxe5 6. dxe5 Nfd7 7. Nf3 Nc6 8.
e4 dxe4 9. Nxe4 O-O 10. Bd3 Ndxe5 11. Nxe5 Nxe5 12. Qd2 b6 13. O-O-O Bb7 14. f4
Nxd3+ 15. cxd3 Bxe4 16. dxe4 Qe7 17. Qc3 Rfd8 18. g3 Rd6 19. e5 Rd5 20. Rxd5
exd5 21. Qc6 Rd8 22. Qb7 Qc5+ 23. Kb1 Qc4 24. Rc1 Qd3+ 25. Ka1 Qe3 26. Qxc7 Rf8
27. a3 Qxg3 28. Rc3 Qxf4 29. Qe7 Qf5 30. Rc7 g6 31. Rxa7 Qf1+ 32. Ka2 Qxh3 33.
Rd7 Qe6 34. Qd6 Re8 35. Qxd5 Qxd5+ 36. Rxd5 Kg7 37. Kb3 h5 38. a4 h4 39. Kb4 h3
40. Rd3 Rxe5 41. Rxh3 f5 42. Rg3 f4 43. Rf3 g5 44. Kc4 Rf5 45. b4 g4 46. Rd3 f3
47. Rd1 f2 48. Rf1 g3 49. a5 bxa5 50. b5 g2 51. Rxf2 {White resigns} 0-1